 Dungeon Crawl Stone Soup version 0.32-a0-656-g3542139ebd (webtiles) character file.

Game seed: 14142615481814755517

4855 backslashecho the Cleaver (level 10, -3/90 HPs)
             Began as a Mountain Dwarf Necromancer on Mar 8, 2024.
             Was a Follower of Kikubaaqudgha.
             Slain by a two-headed ogre
             ... wielding a +0 giant club
              (23 damage)
             ... on level 9 of the Dungeon.
             The game lasted 00:25:33 (10793 turns).

backslashecho the Cleaver (MDNe)                   Turns: 10793, Time: 00:25:33

Health: -3/90      AC:  9    Str: 18    XL:     10   Next: 25%
Magic:  1/16       EV: 11    Int: 13    God:    Kikubaaqudgha [*.....]
Gold:   331        SH:  0    Dex: 16    Spells: 13/17 levels left

rFire   . . .        r - +2 war axe
rCold   . . .        (no shield)
rNeg    . . .        E - +0 ring mail
rPois   .            B - +1 helmet of Distant Worlds {+Inv Will+ Str+4 Int-4}
rElec   .            (no cloak)
rCorr   .            q - +0 pair of gloves
SInv    .            (no boots)
Will    ++...        (no amulet)
Stlth   +            F - +6 ring of dexterity
HPRegen 0.35/turn    s - +4 ring of slaying
MPRegen 0.15/turn

%: no passive effects
@: very slightly contaminated
A: runic magic, artefact enchanting
a: Renounce Religion, Evoke Invisibility, Unearth Wretches


You were on level 9 of the Dungeon.
You worshipped Kikubaaqudgha.
Kikubaaqudgha was aware of your devotion.
You visited 2 branches of the dungeon, and saw 11 of its levels.

You collected 460 gold pieces.
You spent 129 gold pieces at shops.

Inventory:

Hand Weapons
 r - a +2 war axe (weapon)
Missiles
 A - a throwing net
Armour
 q - a +0 pair of gloves (worn)
 B - the +1 helmet of Distant Worlds (worn) {+Inv Will+ Str+4 Int-4}
   (You found it on level 6 of the Dungeon)

   Str+4:     It affects your strength (+4).
   Int-4:     It affects your intelligence (-4).
   Will+:     It increases your willpower.
   +Inv:      It lets you turn invisible.
 E - a +0 ring mail (worn)
 K - an orb of light
Magical Staves
 y - a staff of air
Jewellery
 h - a ring of fire
 m - a ring of willpower
 s - a +4 ring of slaying (right hand)
 F - a +6 ring of dexterity (left hand)
Wands
 C - a wand of paralysis (11)
 H - a wand of digging (5)
Scrolls
 a - 4 scrolls of enchant armour {unknown}
 c - 3 scrolls of identify
 f - 2 scrolls of enchant weapon {unknown}
 g - 5 scrolls of teleportation
 j - 2 scrolls of revelation
 l - 2 scrolls of fear {unknown}
 n - a scroll of noise {unknown}
 o - a scroll of amnesia {unknown}
 u - a scroll of fog {unknown}
 w - 5 scrolls of poison {unknown}
 D - 2 scrolls of brand weapon {unknown}
 G - a scroll of acquirement {unknown}
 J - a scroll of blinking {unknown}
Potions
 b - a potion of magic
 d - 4 potions of brilliance
 e - 8 potions of mutation
 i - a potion of cancellation
 k - 2 potions of curing
 p - a potion of lignification
 t - a potion of berserk rage
 v - 2 potions of ambrosia {unknown}
 x - 2 potions of enlightenment
 I - a potion of attraction {unknown}


   Skills:
 + Level 8.7 Fighting
 * Level 12.3 Axes
 - Level 5.0 Armour
 - Level 1.3 Dodging
 - Level 1.4 Stealth
 - Level 4.0 Spellcasting
 - Level 6.0 Necromancy


You had 13 spell levels left.
You knew the following spells:

 Your Spells              Type           Power      Damage    Failure   Level
a - Necrotise             Necr           72%        1d7       1%          1
c - Vampiric Draining     Necr           18%        2d7       6%          3

Your spell library contained the following spells:

 Spells                   Type           Power      Damage    Failure   Level
 Fugue of the Fallen      Necr           18%        N/A       6%          3
 Kiss of Death            Conj/Necr      40%        2d8       7%          1
 Cigotuvi's Dreadful Rot  Necr/Alch/Air  14%        N/A       16%         2
 Animate Dead             Necr           18%        N/A       19%         4
 Mercury Vapours          Alch/Air       4%         N/A       34%         2
 Scorch                   Fire           4%         2d5       34%         2
 Curse of Agony           Necr           18%        N/A       47%         5
 Martyr's Knell           Necr/Summ      10%        N/A       54%         4
 Call Canine Familiar     Summ           2%         N/A       56%         3
 Mephitic Cloud           Conj/Alch/Air  2%         N/A       56%         3
 Ozocubu's Armour         Ice            2%         N/A       56%         3
 Sigil of Binding         Hex            2%         N/A       56%         3
 Dimensional Bullseye     Hex/Tloc       1%         N/A       92%         4
 Flame Wave               Conj/Fire      2%         2d4       92%         4
 Leda's Liquefaction      Alch/Erth      1%         N/A       92%         4
 Manifold Assault         Tloc           2%         N/A       92%         4
 Freezing Cloud           Conj/Ice/Air   1%         6-21      99%         5
 Lee's Rapid Deconstruct  Erth           1%         3d4*      99%         5
 Bombard                  Conj/Erth      1%         9d1       100%        6
 Summon Cactus Giant      Summ           1%         N/A       100%        6


Dungeon Overview and Level Annotations

Branches:
Dungeon (10/15)            Temple (1/1) D:7             Orc (0/2) D:9
   Lair: D:8-11

Altars:
Ashenzari
Cheibriados
Dithmenos
Elyvilon
Fedhas
Gozag
Hepliaklqana
Kikubaaqudgha
Makhleb
Nemelex Xobeh
Okawaru
Qazlal
Ru
Sif Muna
Trog
Uskayaw
Vehumet
Wu Jian
Xom
Yredelemnul
Zin
The Shining One

Shops:
D:1 *

Annotations:
D:2 1 runed translucent door, 1 exclusion, Crazy Yiuf
D:10 exclusion: orange crystal statue


Innate Abilities, Weirdness & Mutations

Your spellcasting is much less encumbered by armour.
You can use scrolls of enchantment on lesser artefacts.


Message History

Found 14 gold pieces.
Found a stone staircase leading down.
e - 8 potions of mutation (gained 1)
You now have 331 gold pieces (gained 14).
Your yak skeleton crumbles into dust!
You open the door. You open the door.
There is an open door here.
There is an open door here.
There is an open door here.
A two-headed ogre comes into view.
It is wielding a +0 giant club and a +0 giant spiked club.
The two-headed ogre shouts in stereo!
Health restored: 90; MP restored: 16 A two-headed ogre is nearby!
A two-headed ogre is nearby!
Okay, then.
You throw a poisoned dart.
The poisoned dart hits the two-headed ogre.
The two-headed ogre is poisoned.
You throw a poisoned dart.
The poisoned dart completely misses the two-headed ogre.
You throw a poisoned dart.
The poisoned dart hits the two-headed ogre.
The two-headed ogre looks even sicker.
The two-headed ogre is lightly wounded.
You throw a poisoned dart.
The poisoned dart hits the two-headed ogre.
The two-headed ogre is lightly wounded.
Aiming: Paralyse
Press: ? - help, Shift-Dir - straight line, f/p - two-headed ogre
Aim: a two-headed ogre, wielding a +0 giant club and a +0 giant spiked club (lightly wounded, very poisoned, chance to affect: 31%)
The two-headed ogre easily resists.
Aiming: Paralyse
Press: ? - help, Shift-Dir - straight line, f/p - two-headed ogre
Aim: a two-headed ogre, wielding a +0 giant club and a +0 giant spiked club (lightly wounded, very poisoned, chance to affect: 31%)
The two-headed ogre easily resists.
The two-headed ogre closely misses you.
The two-headed ogre hits you with a +0 giant spiked club!
You take 12 damage, and have 78/90 hp.
Aiming: Paralyse
Press: ? - help, Shift-Dir - straight line, f/p - two-headed ogre
Aim: a two-headed ogre, wielding a +0 giant club and a +0 giant spiked club (lightly wounded, very poisoned, chance to affect: 31%)
The two-headed ogre easily resists.
The two-headed ogre hits you with a +0 giant club!!
The two-headed ogre hits you with a +0 giant spiked club!
You take 30 damage, and have 48/90 hp.
MASSIVE DAMAGE!!
Casting: Necrotise (safe; 1% risk of failure)
Confirm with . or Enter, or press ? or * to list all spells.
Aiming: Vampiric Draining (mildly dangerous; 6% risk of failure)
Press: ? - help, Shift-Dir - straight line, f/p - two-headed ogre
Aim: a two-headed ogre, wielding a +0 giant club and a +0 giant spiked club (lightly wounded, very poisoned)
You draw life force from the two-headed ogre!
You feel life coursing into your body.
You regained 5 hp, and now have 53/90 hp.
You now have 13/16 mp.
Casting: Vampiric Draining (mildly dangerous; 6% risk of failure)
Confirm with . or Enter, or press ? or * to list all spells.
Aiming: Vampiric Draining (mildly dangerous; 6% risk of failure)
Press: ? - help, Shift-Dir - straight line, f/p - two-headed ogre
Aim: a two-headed ogre, wielding a +0 giant club and a +0 giant spiked club (moderately wounded, very poisoned)
You miscast Vampiric Draining.
You are very lightly contaminated with residual magic.
Nothing appears to happen.
The two-headed ogre closely misses you.
The two-headed ogre hits you with a +0 giant spiked club!
You take 16 damage, and have 37/90 hp.
You now have 10/16 mp.
Casting: Vampiric Draining (mildly dangerous; 6% risk of failure)
Confirm with . or Enter, or press ? or * to list all spells.
Aiming: Vampiric Draining (mildly dangerous; 6% risk of failure)
Press: ? - help, Shift-Dir - straight line, f/p - two-headed ogre
Aim: a two-headed ogre, wielding a +0 giant club and a +0 giant spiked club (moderately wounded, poisoned)
You draw life force from the two-headed ogre!
You feel life coursing into your body.
The two-headed ogre barely misses you. x2
You regained 3 hp, and now have 40/90 hp.
You now have 7/16 mp.
Casting: Vampiric Draining (mildly dangerous; 6% risk of failure)
Confirm with . or Enter, or press ? or * to list all spells.
Aiming: Vampiric Draining (mildly dangerous; 6% risk of failure)
Press: ? - help, Shift-Dir - straight line, f/p - two-headed ogre
Aim: a two-headed ogre, wielding a +0 giant club and a +0 giant spiked club (heavily wounded, poisoned)
You draw life force from the two-headed ogre.
You feel life coursing into your body.
You regained 4 hp, and now have 44/90 hp.
You now have 4/16 mp.
Casting: Vampiric Draining (mildly dangerous; 6% risk of failure)
Confirm with . or Enter, or press ? or * to list all spells.
Aiming: Vampiric Draining (mildly dangerous; 6% risk of failure)
Press: ? - help, Shift-Dir - straight line, f/p - two-headed ogre
Aim: a two-headed ogre, wielding a +0 giant club and a +0 giant spiked club (heavily wounded, poisoned)
You draw life force from the two-headed ogre!
You feel life coursing into your body.
The two-headed ogre hits you with a +0 giant club!!
* * * LOW HITPOINT WARNING * * *
The two-headed ogre hits you with a +0 giant spiked club.
* * * LOW HITPOINT WARNING * * *
You take 24 damage, and have 20/90 hp.
MASSIVE DAMAGE!!
You now have 1/16 mp.
You hit the two-headed ogre.
The two-headed ogre is almost dead.
The two-headed ogre misses you.
The two-headed ogre hits you with a +0 giant spiked club!!
You die...
Kikubaaqudgha rasps: You have failed me!
Welcome... death!

#.....###########...............
#.....# #....#รท#########
####### #.####.## # #.# #..# ##
#.# ##.#### #. #.# #....# #. #.#
####.# #. #########.# #.## #.
((..(.O@..########..####
.##########.............
#.###########. #.# ##..).#. #.#
#.....#. #.# #.....#[ #.#
###....... #.# #......##. #.#
#......##.


You could see a two-headed ogre (poisoned).

Vanquished Creatures
  A wraith (D:9)
  5 yaks (D:9)
  A shadow (D:9)
  A wyvern (D:9)
  3 steam dragons
  A water moccasin (D:5)
  A black bear (D:5)
  2 ogres
  2 centaurs
  3 phantoms
  2 kobold brigands
  3 bullfrogs
  6 scorpions
  9 wights
  8 killer bees
  An electric eel (D:8)
  A howler monkey (D:6)
  A bombardier beetle (D:3)
  3 hounds
  4 jellies
  A gnoll bouda (D:4)
  3 iguanas (D:5)
  An orc wizard (D:3)
  13 adders
  6 gnolls
  5 shadow imps
  6 ufetubi
  2 dart slugs
  4 orcs
  5 ball pythons
  7 bats
  11 endoplasms
  A giant cockroach (D:4)
  5 goblins
  4 hobgoblins
  4 jackals
  14 kobolds
  8 quokkas
  5 frilled lizards
  7 rats
170 creatures vanquished.

Vanquished Creatures (collateral kills)
  A wyvern (D:9)
  A bombardier beetle (D:6)
  A hound (D:5)
  An orc (D:3)
  A bat (D:1)
  A frilled lizard (D:2)
  A rat (D:3)
7 creatures vanquished.

Vanquished Creatures (others)
  A jelly (D:5)
1 creature vanquished.

Grand Total: 178 creatures vanquished

Notes
Turn   | Place    | Note
-------+----------+-------------------------------------------
     0 | D:1      | backslashecho the Mountain Dwarf Necromancer began the
                  | quest for the Orb.
     0 | D:1      | Reached XP level 1. HP: 14/14 MP: 3/3
   177 | D:1      | Reached XP level 2. HP: 22/22 MP: 3/5
   182 | D:1      | Reached skill level 1 in Fighting
   531 | D:1      | Reached XP level 3. HP: 7/28 MP: 0/6
   852 | D:1      | Found Cupadiri's General Store.
   863 | D:1      | Bought a potion of curing for 39 gold pieces
  1599 | D:2      | Reached skill level 5 in Necromancy
  1690 | D:2      | Reached XP level 4. HP: 30/36 MP: 1/7
  1907 | D:2      | Found a runed translucent door.
  1908 | D:2      | Noticed Crazy Yiuf
  2904 | D:3      | Reached XP level 5. HP: 31/44 MP: 3/9
  3213 | D:3      | Found a broken altar of Ashenzari.
  3296 | D:3      | Reached skill level 1 in Axes
  3568 | D:3      | Found an iron altar of Okawaru.
  3675 | D:4      | Found Zin's Purification Station.
  3675 | D:4      | Found a glowing silver altar of Zin.
  3682 | D:4      | Bought a potion of curing for 90 gold pieces
  3730 | D:4      | Reached skill level 2 in Axes
  3743 | D:4      | Reached XP level 6. HP: 43/51 MP: 2/10
  3989 | D:4      | Found a burning altar of Makhleb.
  4327 | D:5      | Entered Level 5 of the Dungeon
  4460 | D:5      | Reached skill level 3 in Axes
  4659 | D:4      | Reached XP level 7. HP: 38/59 MP: 6/12
  4785 | D:5      | Reached skill level 4 in Axes
  5048 | D:5      | Reached skill level 5 in Axes
  5313 | D:5      | Reached skill level 5 in Fighting
  5313 | D:5      | Reached skill level 6 in Axes
  5333 | D:5      | Reached XP level 8. HP: 30/62 MP: 9/14
  5352 | D:5      | Reached skill level 7 in Axes
  5542 | D:5      | Learned a level 3 spell: Vampiric Draining
  6393 | D:6      | Reached skill level 8 in Axes
  6496 | D:6      | Identified the +1 helmet of Distant Worlds {+Inv Will+
                  | Str+4 Int-4}
  6820 | D:6      | Reached skill level 9 in Axes
  6957 | D:6      | Reached skill level 1 in Armour
  7168 | D:6      | Found a radiant altar of Vehumet.
  7168 | D:6      | Found a blossoming altar of Fedhas.
  7284 | D:6      | Reached XP level 9. HP: 75/75 MP: 15/15
  8082 | D:7      | Found a staircase to the Ecumenical Temple.
  8120 | Temple   | Entered the Ecumenical Temple
  8141 | Temple   | Became a worshipper of Kikubaaqudgha
  8353 | D:7      | Reached skill level 10 in Axes
  8768 | D:7      | You fall into a shaft and drop 3 floors!
  8768 | D:10     | Entered Level 10 of the Dungeon
  8778 | D:10     | Noticed an orange crystal statue
  9028 | D:9      | Reached skill level 11 in Axes
  9214 | D:8      | Reached * piety under Kikubaaqudgha
  9214 | D:8      | Received a gift from Kikubaaqudgha
 10035 | D:9      | Found a staircase to the Orcish Mines.
 10059 | D:9      | Found a sacrificial altar of Ru.
 10249 | D:9      | Reached XP level 10. HP: 72/88 MP: 7/16
 10556 | D:9      | Reached skill level 5 in Armour
 10602 | D:9      | Reached skill level 12 in Axes
 10780 | D:9      | Noticed a two-headed ogre
 10793 | D:9      | Slain by a two-headed ogre

Illustrated notes

Levels and vault maps discovered:
D:1:      dpeg_arrival_rhombi, layout_loops_ring, serial_shops,
          nicolae_shop_tiny_statue_garden, minmay_heptomino_d4
D:2:      minmay_skewed_foursquare, layout_basic, uniq_crazy_yiuf_cottage
D:3:      layout_basic, mainiacjoe_overflow_alcove_1, nicolae_ashenzari_skybound
D:4:      layout_cave_pools, mainiacjoe_overflow_six_doors_small, zin_purify,
          kennysheep_nondescript, guppyfry_early_lair_pool
D:5:      layout_cave_pools, serial_park, serial_park_square3
          [serial_park_minivault_5x5_5], serial_park_square1
          [serial_park_minivault_5x5_7], serial_park_tiny_2, serial_park_square3
          [serial_park_minivault_5x5_5], serial_park_gazebo
          [serial_park_minivault_5x5_7], lexackson_kobold_supper
D:6:      layout_gridville, gammafunk_temple_overflow_elements,
          nrook_loot_triangle, nicolae_water_bricks
D:7:      layout_rooms, minmay_temple_entry_waves
D:8:      layout_loops_cross, kennysheep_generic_room_2
D:9:      minmay_separated_statues, layout_basic, nicolae_ru_awakened_eye,
          orc_0_dummy, minmay_crystal_room
D:10:     layout_rooms, minivault_15, minmay_between
Temple:   minmay_freezing_vapour_temple

Skill      XL: |  1  2  3  4  5  6  7  8  9 10 |
---------------+-------------------------------+-----
Spellcasting   | 2 3 4 |  4.0
Fighting       | 1 2 3 4 5 6 8 |  8.7
Necromancy     | 5 6 |  6.0
Axes           | 2 3 6 9 11 12 | 12.3
Armour         | 1 4 5 |  5.0
Dodging        | |  1.3
Stealth        | |  1.4

Action                     |  1- 3 |  4- 6 |  7- 9 | 10-12 || total
---------------------------+-------+-------+-------+-------++-------
  Melee: Unarmed           |     5 |       |       |       ||     5
         Whip              |    37 |     9 |       |       ||    46
         Hand axe          |       |    46 |   118 |       ||   164
         War axe           |       |       |   102 |    31 ||   133
  Throw: Dart              |       |       |     5 |     4 ||     9
   Cast: Necrotise         |    66 |   110 |   116 |     5 ||   297
         Vampiric Draining |       |       |    11 |     4 ||    15
  Evoke: Wand              |       |       |    13 |     6 ||    19
    Use: Scroll            |       |     4 |     2 |       ||     6
         Potion            |       |     1 |     8 |       ||     9
   Stab: Distracted        |       |     1 |       |       ||     1
         Paralysed         |       |       |     2 |     2 ||     4
 Armour: Robe              |    49 |    20 |       |       ||    69
         Leather armour    |       |    53 |    98 |       ||   151
         Skin              |       |    27 |    46 |       ||    73
         Ring mail         |       |       |   137 |    20 ||   157
  Dodge: Dodged            |    24 |    65 |   145 |    17 ||   251

Table legend: (Time is in decaauts)
 A = Elapsed time spent in this place.
 B = Non-inter-level travel time spent in this place.
 C = Inter-level travel time spent in this place.
 D = Time resting spent in this place.
 E = Time spent auto-exploring this place.
 F = Levels seen in this place.
 G = Mean time per level.
                   A        B        C        D        E       F      G
               +--------+--------+--------+--------+--------+-----+--------+
         Total |  10818 |   9805 |   1013 |   1242 |   6721 |  11 |  983.5 |
       Dungeon |  10732 |   9719 |   1013 |   1209 |   6695 |  10 | 1073.2 |
        Temple |     85 |     85 |      0 |     33 |     26 |   1 |   85.0 |
               +--------+--------+--------+--------+--------+-----+--------+

Top non-repeatable levels by time:
     D:5: 1570 daAuts
     D:6: 1491 daAuts
     D:1: 1376 daAuts
     D:2: 1351 daAuts
     D:4: 1229 daAuts
     D:9: 1165 daAuts
     D:3: 1078 daAuts
     D:8: 769 daAuts
     D:7: 677 daAuts
  Temple: 85 daAuts
    D:10: 22 daAuts
